 Dungeon Crawl Stone Soup version 0.20.1-1-g8b1a95d (webtiles) character file.

151 Kunitse the Skirmisher (level 5, -1/55 HPs)
             Began as a Kobold Berserker on Oct 4, 2017.
             Was a Believer of Trog.
             Succumbed to an orc wizard's poison
             ... on level 3 of the Dungeon.
             The game lasted 00:17:27 (3487 turns).

Kunitse the Skirmisher (Kobold Berserker)           Turns: 3487, Time: 00:17:27

Health: -1/55      AC: 22    Str: 15    XL:     5   Next: 59%
Magic:  5/5        EV:  3    Int:  8    God:    Trog [**....]
Gold:   121        SH:  0    Dex: 15    Spells: 4/4 levels left

rFire    . . .     SeeInvis .   a - +1 mace
rCold    . . .     Gourm    .   (shield restricted)
rNeg     + + +     Faith    .   (armour currently unavailable)
rPois    +         Spirit   .   (helmet currently unavailable)
rElec    .         Reflect  .   (cloak currently unavailable)
rCorr    +         Harm     .   (gloves currently unavailable)
MR       .....     NoTele   +   (boots currently unavailable)
Stlth    +.........             m - amulet of magic regeneration
Regen    0.2/turn               h - ring of resist corrosion
MPRegen  0.2/turn               (no ring)

@: lethally poisoned (-1 -> -25), tree-form
A: carnivore 3, robust 1
a: Berserk, Trog's Hand, Burn Spellbooks, Renounce Religion


You were on level 3 of the Dungeon.
You worshipped Trog.
Trog was pleased with you.
You were completely stuffed.
You were a tree.
You visited 1 branch of the dungeon, and saw 3 of its levels.

You collected 121 gold pieces.

Inventory:

Hand Weapons
 a - a +1 mace (weapon)
 d - a +0 whip
 j - a +0 flail
 k - a +0 halberd
Missiles
 r - 16 poisoned needles
Armour
 b - a +0 animal skin
 e - a +1 ring mail
 g - a +0 scale mail (melded)
Jewellery
 h - a ring of resist corrosion (left branch)
 m - an amulet of magic regeneration (around neck)
Wands
 o - a wand of lightning (6/15)
Scrolls
 f - a scroll of enchant armour
 i - a scroll of immolation
 l - a scroll of magic mapping
 n - 2 scrolls of identify
Comestibles
 c - a meat ration
 p - 4 chunks of flesh


   Skills:
 + Level 4.7 Fighting
 * Level 4.1 Maces & Flails
 + Level 2.1 Armour
 - Level 2.4 Dodging


You had 4 spell levels left.
You didn't know any spells.

Dungeon Overview and Level Annotations

Branches:
Dungeon (3/15)

Altars:


Innate Abilities, Weirdness & Mutations

You are small and have problems with some larger weapons.
You are carnivorous and can eat meat at any time.
((You have sharp toenails.))
You are robust. (+10% HP)


Message History

You feel very sick.
The orc wizard hits you but does no damage.
You are more poisoned.
The orc wizard completely misses you.
You cannot move.
You cannot move.
You cannot move.
You cannot move.
There is a lethal amount of poison in your body!
There is a lethal amount of poison in your body!
You hit the orc wizard but do no damage.
The orc wizard is moderately wounded.
* * * LOW HITPOINT WARNING * * *
You feel very sick. The orc wizard casts a spell at you.
The magic dart hits you! The orc wizard barely misses you. x2
You hit the orc wizard.
The orc wizard is heavily wounded.
You feel yourself speed up.
You die...

# !# #####.#
.....#<.. .# #
#...........
####.##?# #.#
?.....o♣# #.#
####.##[# #.#.#
#.##.########.#.#
#$.........##.#(##
####>............##
#######o##'#...#
#.#....#%##
#.#....#..##
#.#.........


You could see an orc wizard.

Vanquished Creatures
  5 adders
  3 gnolls (D:3)
  An ooze (D:2)
  3 worms
  5 dart slugs
  3 orcs (D:3)
  8 bats
  A giant cockroach (D:3)
  4 goblins
  5 hobgoblins
  3 jackals (D:2)
  A quokka (D:2)
  3 frilled lizards
  4 kobolds
  5 rats
54 creatures vanquished.

Notes
Turn   | Place    | Note
-------+----------+-------------------------------------------
     0 | D:1      | Kunitse the Kobold Berserker began the quest for the Orb.
     0 | D:1      | Reached XP level 1. HP: 14/14 MP: 1/1
   608 | D:1      | Reached XP level 2. HP: 16/20 MP: 2/2
   886 | D:2      | Reached XP level 3. HP: 11/24 MP: 3/3
  1808 | D:2      | Reached XP level 4. HP: 8/29 MP: 4/4
  1809 | D:2      | Gained mutation: You are robust. (+10% HP) [potion of mutation]
  1809 | D:2      | Gained mutation: You have sharp toenails. [potion of mutation]
  2782 | D:3      | Reached XP level 5. HP: 6/37 MP: 5/5
  3221 | D:3      | Reached ** piety under Trog
  3487 | D:3      | Succumbed to an orc wizard's poison

Skill      XL: |  1  2  3  4  5 |
---------------+----------------+-----
Fighting       | 4 |  4.7
Maces & Flails | 3 4 |  4.1
Armour         | 2 |  2.1
Dodging        | |  2.4

Action                   |  1- 3 |  4- 6 || total
-------------------------+-------+-------++-------
Melee: Mace              |    91 |    83 ||   174
       Kick              |       |    16 ||    16
  Use: Scroll            |     5 |     1 ||     6
       Potion            |     1 |     5 ||     6
  Eat: Royal jelly       |     1 |       ||     1
       Chunk             |       |     8 ||     8
       Meat ration       |       |     1 ||     1
Armor: Animal skin       |     6 |       ||     6
       Ring mail         |    16 |       ||    16
       Scale mail        |    19 |    32 ||    51
       Skin              |       |     2 ||     2
Dodge: Dodged            |    92 |    63 ||   155
